 Dungeon Crawl Stone Soup version 0.30.0-15-g856e2d3f33 (webtiles) character file.

Game seed: 7228306329379344958

69 qw the Chopper (level 4, -12/28 HPs)
             Began as a Gargoyle Fighter on May 21, 2023.
             Mangled by an ogre
             ... wielding a +0 giant club
              (23 damage)
             ... on level 3 of the Dungeon.
             The game lasted 00:02:06 (2334 turns).

qw the Chopper (Gargoyle Fighter)                   Turns: 2334, Time: 00:02:07

Health: -12/28     AC: 10    Str: 22    XL:     4   Next: 20%
Magic:  4/4        EV:  9    Int:  8    God:
Gold:   139        SH:  4    Dex:  9    Spells: 3/3 levels left

rFire   + . .        Y - +0 war axe
rCold   . . .        c - +0 buckler
rNeg    + . .        b - +0 scale mail
rPois   inf          (no helmet)
rElec   +            (no cloak)
rCorr   .            (no gloves)
SInv    .            (no boots)
Will    .....        (no amulet) Stlth
                     i - ring of protection from fire
HPRegen 0.24/turn    (no ring)
MPRegen 0.09/turn

%: no passive effects
@: no status effects
A: sickness immunity, AC +3, negative energy resistance 1, electricity
resistance, torment resistance 1, petrification resistance
a: no special abilities


You were on level 3 of the Dungeon.
You visited 1 branch of the dungeon, and saw 3 of its levels.

You collected 139 gold pieces.


Innate Abilities, Weirdness & Mutations

You are immune to sickness and miasma.
Your stone body is resilient. (AC +3)
You are immune to poison.
You resist negative energy. (rN+)
You are resistant to electric shocks. (rElec)
You are resistant to unholy torment.
You are immune to petrification.


   Skills:
 - Level 3.2 Fighting
 + Level 4.0 Axes
 - Level 3.2 Armour
 - Level 3.2 Shields


You had 3 spell levels left.
You didn't know any spells.
Your spell library was empty.

Inventory:

Hand Weapons
 k - a +1 flail of holy wrath
 Y - a +0 war axe (weapon)
Armour
 b - a +0 scale mail (worn)
 c - a +0 buckler (worn)
 e - a +0 chain mail
Jewellery
 i - a ring of protection from fire (left hand)
Scrolls
 a - a scroll of teleportation
 f - a scroll of fog {unknown}
 g - 3 scrolls of identify
Potions
 d - a potion of might

Dungeon Overview and Level Annotations

Branches:
Dungeon (3/15)

Altars:


Message History

You kill the bat!
Found an escape hatch in the ceiling.
You see here a ring of poison resistance.
f - a scroll labelled YJABUCH YWUEROUW You see here a +0 club.
You open the door.
There is an open door here.
You see here 5 stones.
Found a ring mail.
A hobgoblin comes into view.
The hobgoblin shouts!
You slash the hobgoblin!
You kill the hobgoblin!
Found an escape hatch in the floor.
A bat comes into view.
You closely miss the bat. The bat hits you but does no damage.
The bat closely misses you.
You hit the bat.
You kill the bat!
Your Axes skill increases to level 4!
You see here a +0 ring mail.
There is an escape hatch in the floor here.
You see here a wand of polymorph (7).
As you open the door, it creaks loudly!
An ogre comes into view. It is wielding a +0 giant club.
There is an open door here.
You hit the ogre.
The ogre is lightly wounded.
The ogre hits you with a +0 giant club!!
Ouch! That really hurt!
You slash the ogre!
The ogre is heavily wounded.
The ogre barely misses you.
A frilled lizard comes into view.
The frilled lizard hisses angrily.
You hit the ogre but do no damage.
The ogre is heavily wounded.
The ogre hits you with a +0 giant club!!
Ouch! That really hurt!
You die...

.# .# # .# # # .# .# #
#.###.#.# #
##............. #
##.#####...........#.. #
#..l..O@............# #
#..#####............####
#......#.......##
#......#.......##
#......#.......##
#../>..[.......##
#......#.......##
#......#.......##
#......#.......##


You could see an ogre and a frilled lizard.

Vanquished Creatures
  An adder (D:2)
  3 dart slugs
  A ball python (D:2)
  4 endoplasms
  2 giant cockroaches (D:1)
  6 goblins
  6 hobgoblins
  4 jackals (D:1)
  3 kobolds
  2 quokkas (D:1)
  10 bats
  A frilled lizard (D:1)
  4 rats
47 creatures vanquished.

Notes
Turn   | Place    | Note
-------+----------+-------------------------------------------
     0 | D:1      | qw the Gargoyle Fighter began the quest for the Orb.
     0 | D:1      | Reached XP level 1. HP: 14/14 MP: 1/1
     0 | D:1      | 0 ||| qw: Version: 0.2-a-98-g16b38d9
     0 | D:1      | 0 ||| qw: Game counter: 1
     0 | D:1      | 0 ||| qw: Always use a shield: true
     0 | D:1      | 0 ||| qw: God list: Okawaru
     0 | D:1      | 0 ||| qw: Allow faded altars: false
     0 | D:1      | 0 ||| qw: Do Orc after D:15 true
     0 | D:1      | 0 ||| qw: Do second Lair branch before Depths: true
     0 | D:1      | 0 ||| qw: Lair rune preference: random
     0 | D:1      | 0 ||| qw: Plans: Normal, Zot:1-4, God:TSO, Crypt, Tomb,
                  | Pan, Slime:5, Hells, Abyss, Win
     0 | D:1      | 0 ||| PLANNING D:1-11
     4 | D:1      | Noticed an electric eel
    34 | D:1      | Reached skill level 2 in Axes
   193 | D:1      | Reached XP level 2. HP: 19/19 MP: 2/2
   226 | D:1      | 226 ||| Stepping ~*~*~tactically~*~*~ (stealth).
   229 | D:1      | 229 ||| Stepping ~*~*~tactically~*~*~ (stealth).
   377 | D:1      | 377 ||| Stepping ~*~*~tactically~*~*~ (hiding).
   396 | D:1      | Reached skill level 3 in Axes
   521 | D:1      | You fall into a shaft and drop 1 floor!
   549 | D:2      | Reached XP level 3. HP: 23/23 MP: 3/3
   838 | D:2      | 838 ||| DROPPING +0 whip.
   941 | D:2      | 941 ||| UPGRADING to ring of protection from fire.
   942 | D:2      | 942 ||| READING scroll labelled TUROEHAUGH.
   943 | D:2      | 943 ||| READING 4 scrolls labelled USKOCKOTUKK.
   944 | D:2      | 944 ||| READING scroll labelled XAUFEU PERAPRI.
   947 | D:2      | 947 ||| READING scroll labelled SYQULL XEATUOC.
   948 | D:2      | 948 ||| READING 3 scrolls of identify.
   948 | D:2      | 948 ||| IDENTIFYING emerald potion
   949 | D:2      | 949 ||| DROPPING potion of invisibility.
   950 | D:2      | 950 ||| Stepping randomly (stuck).
   951 | D:2      | 951 ||| Stepping randomly (stuck).
   952 | D:2      | 952 ||| Stepping randomly (stuck).
   953 | D:2      | 953 ||| Stepping randomly (stuck).
   954 | D:2      | 954 ||| Stepping randomly (stuck).
   955 | D:2      | 955 ||| Stepping randomly (stuck).
   956 | D:2      | 956 ||| Stepping randomly (stuck).
   957 | D:2      | 957 ||| Stepping randomly (stuck).
   958 | D:2      | 958 ||| Stepping randomly (stuck).
   959 | D:2      | 959 ||| Stepping randomly (stuck).
   960 | D:2      | 960 ||| Stepping randomly (stuck).
   961 | D:2      | 961 ||| Stepping randomly (stuck).
   962 | D:2      | 962 ||| Stepping randomly (stuck).
   963 | D:2      | 963 ||| Stepping randomly (stuck).
   964 | D:2      | 964 ||| Stepping randomly (stuck).
   965 | D:2      | 965 ||| Stepping randomly (stuck).
   966 | D:2      | 966 ||| Stepping randomly (stuck).
   967 | D:2      | 967 ||| Stepping randomly (stuck).
   968 | D:2      | 968 ||| Stepping randomly (stuck).
   969 | D:2      | 969 ||| Stepping randomly (stuck).
   970 | D:2      | 970 ||| Stepping randomly (stuck).
   971 | D:2      | 971 ||| Stepping randomly (stuck).
   972 | D:2      | 972 ||| Stepping randomly (stuck).
   973 | D:2      | 973 ||| Stepping randomly (stuck).
   974 | D:2      | 974 ||| Stepping randomly (stuck).
   975 | D:2      | 975 ||| Stepping randomly (stuck).
   976 | D:2      | 976 ||| Stepping randomly (stuck).
   977 | D:2      | 977 ||| Stepping randomly (stuck).
   978 | D:2      | 978 ||| Stepping randomly (stuck).
   979 | D:2      | 979 ||| Stepping randomly (stuck).
   980 | D:2      | 980 ||| Stepping randomly (stuck).
   981 | D:2      | 981 ||| Stepping randomly (stuck).
   982 | D:2      | 982 ||| Stepping randomly (stuck).
   983 | D:2      | 983 ||| Stepping randomly (stuck).
   984 | D:2      | 984 ||| Stepping randomly (stuck).
   985 | D:2      | 985 ||| Stepping randomly (stuck).
   986 | D:2      | 986 ||| Stepping randomly (stuck).
   987 | D:2      | 987 ||| Stepping randomly (stuck).
   988 | D:2      | 988 ||| Stepping randomly (stuck).
   989 | D:2      | 989 ||| Stepping randomly (stuck).
   990 | D:2      | 990 ||| Stepping randomly (stuck).
   991 | D:2      | 991 ||| Stepping randomly (stuck).
   992 | D:2      | 992 ||| Stepping randomly (stuck).
   993 | D:2      | 993 ||| Stepping randomly (stuck).
   994 | D:2      | 994 ||| Stepping randomly (stuck).
   995 | D:2      | 995 ||| Stepping randomly (stuck).
   996 | D:2      | 996 ||| Stepping randomly (stuck).
   997 | D:2      | 997 ||| Stepping randomly (stuck).
   998 | D:2      | 998 ||| Stepping randomly (stuck).
   999 | D:2      | 999 ||| Stepping randomly (stuck).
  1000 | D:2      | 1000 ||| Stepping randomly (stuck).
  1001 | D:2      | 1001 ||| Stepping randomly (stuck).
  1002 | D:2      | 1002 ||| Stepping randomly (stuck).
  1003 | D:2      | 1003 ||| Stepping randomly (stuck).
  1004 | D:2      | 1004 ||| Stepping randomly (stuck).
  1005 | D:2      | 1005 ||| Stepping randomly (stuck).
  1006 | D:2      | 1006 ||| Stepping randomly (stuck).
  1007 | D:2      | 1007 ||| Stepping randomly (stuck).
  1008 | D:2      | 1008 ||| Stepping randomly (stuck).
  1009 | D:2      | 1009 ||| Stepping randomly (stuck).
  1010 | D:2      | 1010 ||| Stepping randomly (stuck).
  1011 | D:2      | 1011 ||| Stepping randomly (stuck).
  1012 | D:2      | 1012 ||| Stepping randomly (stuck).
  1013 | D:2      | 1013 ||| Stepping randomly (stuck).
  1014 | D:2      | 1014 ||| Stepping randomly (stuck).
  1015 | D:2      | 1015 ||| Stepping randomly (stuck).
  1016 | D:2      | 1016 ||| Stepping randomly (stuck).
  1017 | D:2      | 1017 ||| Stepping randomly (stuck).
  1018 | D:2      | 1018 ||| Stepping randomly (stuck).
  1019 | D:2      | 1019 ||| Stepping randomly (stuck).
  1020 | D:2      | 1020 ||| Stepping randomly (stuck).
  1021 | D:2      | 1021 ||| Stepping randomly (stuck).
  1022 | D:2      | 1022 ||| Stepping randomly (stuck).
  1023 | D:2      | 1023 ||| Stepping randomly (stuck).
  1024 | D:2      | 1024 ||| Stepping randomly (stuck).
  1025 | D:2      | 1025 ||| Stepping randomly (stuck).
  1026 | D:2      | 1026 ||| Stepping randomly (stuck).
  1027 | D:2      | 1027 ||| Stepping randomly (stuck).
  1028 | D:2      | 1028 ||| Stepping randomly (stuck).
  1029 | D:2      | 1029 ||| Stepping randomly (stuck).
  1030 | D:2      | 1030 ||| Stepping randomly (stuck).
  1031 | D:2      | 1031 ||| Stepping randomly (stuck).
  1032 | D:2      | 1032 ||| Stepping randomly (stuck).
  1033 | D:2      | 1033 ||| Stepping randomly (stuck).
  1034 | D:2      | 1034 ||| Stepping randomly (stuck).
  1035 | D:2      | 1035 ||| Stepping randomly (stuck).
  1036 | D:2      | 1036 ||| Stepping randomly (stuck).
  1037 | D:2      | 1037 ||| Stepping randomly (stuck).
  1038 | D:2      | 1038 ||| Stepping randomly (stuck).
  1039 | D:2      | 1039 ||| Stepping randomly (stuck).
  1040 | D:2      | 1040 ||| Stepping randomly (stuck).
  1041 | D:2      | 1041 ||| Stepping randomly (stuck).
  1042 | D:2      | 1042 ||| Stepping randomly (stuck).
  1043 | D:2      | 1043 ||| Stepping randomly (stuck).
  1044 | D:2      | 1044 ||| Stepping randomly (stuck).
  1045 | D:2      | 1045 ||| Stepping randomly (stuck).
  1046 | D:2      | 1046 ||| Stepping randomly (stuck).
  1047 | D:2      | 1047 ||| Stepping randomly (stuck).
  1048 | D:2      | 1048 ||| Stepping randomly (stuck).
  1049 | D:2      | 1049 ||| Stepping randomly (stuck).
  1050 | D:2      | 1050 ||| Stepping randomly (stuck).
  1051 | D:2      | 1051 ||| Stepping randomly (stuck).
  1052 | D:2      | 1052 ||| Stepping randomly (stuck).
  1053 | D:2      | 1053 ||| Stepping randomly (stuck).
  1054 | D:2      | 1054 ||| Stepping randomly (stuck).
  1055 | D:2      | 1055 ||| Stepping randomly (stuck).
  1056 | D:2      | 1056 ||| Stepping randomly (stuck).
  1057 | D:2      | 1057 ||| Stepping randomly (stuck).
  1058 | D:2      | 1058 ||| Stepping randomly (stuck).
  1059 | D:2      | 1059 ||| Stepping randomly (stuck).
  1060 | D:2      | 1060 ||| Stepping randomly (stuck).
  1061 | D:2      | 1061 ||| Stepping randomly (stuck).
  1062 | D:2      | 1062 ||| Stepping randomly (stuck).
  1063 | D:2      | 1063 ||| Stepping randomly (stuck).
  1064 | D:2      | 1064 ||| Stepping randomly (stuck).
  1065 | D:2      | 1065 ||| Stepping randomly (stuck).
  1066 | D:2      | 1066 ||| Stepping randomly (stuck).
  1067 | D:2      | 1067 ||| Stepping randomly (stuck).
  1068 | D:2      | 1068 ||| Stepping randomly (stuck).
  1069 | D:2      | 1069 ||| Stepping randomly (stuck).
  1070 | D:2      | 1070 ||| Stepping randomly (stuck).
  1071 | D:2      | 1071 ||| Stepping randomly (stuck).
  1072 | D:2      | 1072 ||| Stepping randomly (stuck).
  1073 | D:2      | 1073 ||| Stepping randomly (stuck).
  1074 | D:2      | 1074 ||| Stepping randomly (stuck).
  1075 | D:2      | 1075 ||| Stepping randomly (stuck).
  1076 | D:2      | 1076 ||| Stepping randomly (stuck).
  1077 | D:2      | 1077 ||| Stepping randomly (stuck).
  1078 | D:2      | 1078 ||| Stepping randomly (stuck).
  1079 | D:2      | 1079 ||| Stepping randomly (stuck).
  1080 | D:2      | 1080 ||| Stepping randomly (stuck).
  1081 | D:2      | 1081 ||| Stepping randomly (stuck).
  1082 | D:2      | 1082 ||| Stepping randomly (stuck).
  1083 | D:2      | 1083 ||| Stepping randomly (stuck).
  1084 | D:2      | 1084 ||| Stepping randomly (stuck).
  1085 | D:2      | 1085 ||| Stepping randomly (stuck).
  1086 | D:2      | 1086 ||| Stepping randomly (stuck).
  1087 | D:2      | 1087 ||| Stepping randomly (stuck).
  1088 | D:2      | 1088 ||| Stepping randomly (stuck).
  1089 | D:2      | 1089 ||| Stepping randomly (stuck).
  1090 | D:2      | 1090 ||| Stepping randomly (stuck).
  1091 | D:2      | 1091 ||| Stepping randomly (stuck).
  1092 | D:2      | 1092 ||| Stepping randomly (stuck).
  1093 | D:2      | 1093 ||| Stepping randomly (stuck).
  1094 | D:2      | 1094 ||| Stepping randomly (stuck).
  1095 | D:2      | 1095 ||| Stepping randomly (stuck).
  1096 | D:2      | 1096 ||| Stepping randomly (stuck).
  1097 | D:2      | 1097 ||| Stepping randomly (stuck).
  1098 | D:2      | 1098 ||| Stepping randomly (stuck).
  1099 | D:2      | 1099 ||| Stepping randomly (stuck).
  1100 | D:2      | 1100 ||| Stepping randomly (stuck).
  1101 | D:2      | 1101 ||| Stepping randomly (stuck).
  1102 | D:2      | 1102 ||| Stepping randomly (stuck).
  1103 | D:2      | 1103 ||| Stepping randomly (stuck).
  1104 | D:2      | 1104 ||| Stepping randomly (stuck).
  1105 | D:2      | 1105 ||| Stepping randomly (stuck).
  1106 | D:2      | 1106 ||| Stepping randomly (stuck).
  1107 | D:2      | 1107 ||| Stepping randomly (stuck).
  1108 | D:2      | 1108 ||| Stepping randomly (stuck).
  1109 | D:2      | 1109 ||| Stepping randomly (stuck).
  1110 | D:2      | 1110 ||| Stepping randomly (stuck).
  1111 | D:2      | 1111 ||| Stepping randomly (stuck).
  1112 | D:2      | 1112 ||| Stepping randomly (stuck).
  1113 | D:2      | 1113 ||| Stepping randomly (stuck).
  1114 | D:2      | 1114 ||| Stepping randomly (stuck).
  1115 | D:2      | 1115 ||| Stepping randomly (stuck).
  1116 | D:2      | 1116 ||| Stepping randomly (stuck).
  1117 | D:2      | 1117 ||| Stepping randomly (stuck).
  1118 | D:2      | 1118 ||| Stepping randomly (stuck).
  1119 | D:2      | 1119 ||| Stepping randomly (stuck).
  1120 | D:2      | 1120 ||| Stepping randomly (stuck).
  1121 | D:2      | 1121 ||| Stepping randomly (stuck).
  1122 | D:2      | 1122 ||| Stepping randomly (stuck).
  1123 | D:2      | 1123 ||| Stepping randomly (stuck).
  1124 | D:2      | 1124 ||| Stepping randomly (stuck).
  1125 | D:2      | 1125 ||| Stepping randomly (stuck).
  1126 | D:2      | 1126 ||| Stepping randomly (stuck).
  1127 | D:2      | 1127 ||| Stepping randomly (stuck).
  1128 | D:2      | 1128 ||| Stepping randomly (stuck).
  1129 | D:2      | 1129 ||| Stepping randomly (stuck).
  1130 | D:2      | 1130 ||| Stepping randomly (stuck).
  1131 | D:2      | 1131 ||| Stepping randomly (stuck).
  1132 | D:2      | 1132 ||| Stepping randomly (stuck).
  1133 | D:2      | 1133 ||| Stepping randomly (stuck).
  1134 | D:2      | 1134 ||| Stepping randomly (stuck).
  1135 | D:2      | 1135 ||| Stepping randomly (stuck).
  1136 | D:2      | 1136 ||| Stepping randomly (stuck).
  1137 | D:2      | 1137 ||| Stepping randomly (stuck).
  1138 | D:2      | 1138 ||| Stepping randomly (stuck).
  1139 | D:2      | 1139 ||| Stepping randomly (stuck).
  1140 | D:2      | 1140 ||| Stepping randomly (stuck).
  1141 | D:2      | 1141 ||| Stepping randomly (stuck).
  1142 | D:2      | 1142 ||| Stepping randomly (stuck).
  1143 | D:2      | 1143 ||| Stepping randomly (stuck).
  1144 | D:2      | 1144 ||| Stepping randomly (stuck).
  1145 | D:2      | 1145 ||| Stepping randomly (stuck).
  1146 | D:2      | 1146 ||| Stepping randomly (stuck).
  1147 | D:2      | 1147 ||| Stepping randomly (stuck).
  1148 | D:2      | 1148 ||| Stepping randomly (stuck).
  1149 | D:2      | 1149 ||| Stepping randomly (stuck).
  1150 | D:2      | 1150 ||| Stepping randomly (stuck).
  1151 | D:2      | 1151 ||| Stepping randomly (stuck).
  1152 | D:2      | 1152 ||| Stepping randomly (stuck).
  1153 | D:2      | 1153 ||| Stepping randomly (stuck).
  1154 | D:2      | 1154 ||| Stepping randomly (stuck).
  1155 | D:2      | 1155 ||| Stepping randomly (stuck).
  1156 | D:2      | 1156 ||| Stepping randomly (stuck).
  1157 | D:2      | 1157 ||| Stepping randomly (stuck).
  1158 | D:2      | 1158 ||| Stepping randomly (stuck).
  1159 | D:2      | 1159 ||| Stepping randomly (stuck).
  1160 | D:2      | 1160 ||| Stepping randomly (stuck).
  1161 | D:2      | 1161 ||| Stepping randomly (stuck).
  1162 | D:2      | 1162 ||| Stepping randomly (stuck).
  1163 | D:2      | 1163 ||| Stepping randomly (stuck).
  1164 | D:2      | 1164 ||| Stepping randomly (stuck).
  1165 | D:2      | 1165 ||| Stepping randomly (stuck).
  1166 | D:2      | 1166 ||| Stepping randomly (stuck).
  1167 | D:2      | 1167 ||| Stepping randomly (stuck).
  1168 | D:2      | 1168 ||| Stepping randomly (stuck).
  1169 | D:2      | 1169 ||| Stepping randomly (stuck).
  1170 | D:2      | 1170 ||| Stepping randomly (stuck).
  1171 | D:2      | 1171 ||| Stepping randomly (stuck).
  1172 | D:2      | 1172 ||| Stepping randomly (stuck).
  1173 | D:2      | 1173 ||| Stepping randomly (stuck).
  1174 | D:2      | 1174 ||| Stepping randomly (stuck).
  1175 | D:2      | 1175 ||| Stepping randomly (stuck).
  1176 | D:2      | 1176 ||| Stepping randomly (stuck).
  1177 | D:2      | 1177 ||| Stepping randomly (stuck).
  1178 | D:2      | 1178 ||| Stepping randomly (stuck).
  1179 | D:2      | 1179 ||| Stepping randomly (stuck).
  1180 | D:2      | 1180 ||| Stepping randomly (stuck).
  1181 | D:2      | 1181 ||| Stepping randomly (stuck).
  1182 | D:2      | 1182 ||| Stepping randomly (stuck).
  1183 | D:2      | 1183 ||| Stepping randomly (stuck).
  1184 | D:2      | 1184 ||| Stepping randomly (stuck).
  1185 | D:2      | 1185 ||| Stepping randomly (stuck).
  1186 | D:2      | 1186 ||| Stepping randomly (stuck).
  1187 | D:2      | 1187 ||| Stepping randomly (stuck).
  1188 | D:2      | 1188 ||| Stepping randomly (stuck).
  1189 | D:2      | 1189 ||| Stepping randomly (stuck).
  1190 | D:2      | 1190 ||| Stepping randomly (stuck).
  1191 | D:2      | 1191 ||| Stepping randomly (stuck).
  1192 | D:2      | 1192 ||| Stepping randomly (stuck).
  1193 | D:2      | 1193 ||| Stepping randomly (stuck).
  1194 | D:2      | 1194 ||| Stepping randomly (stuck).
  1195 | D:2      | 1195 ||| Stepping randomly (stuck).
  1196 | D:2      | 1196 ||| Stepping randomly (stuck).
  1197 | D:2      | 1197 ||| Stepping randomly (stuck).
  1198 | D:2      | 1198 ||| Stepping randomly (stuck).
  1199 | D:2      | 1199 ||| Stepping randomly (stuck).
  1200 | D:2      | 1200 ||| Stepping randomly (stuck).
  1201 | D:2      | 1201 ||| Stepping randomly (stuck).
  1202 | D:2      | 1202 ||| Stepping randomly (stuck).
  1203 | D:2      | 1203 ||| Stepping randomly (stuck).
  1204 | D:2      | 1204 ||| Stepping randomly (stuck).
  1205 | D:2      | 1205 ||| Stepping randomly (stuck).
  1206 | D:2      | 1206 ||| Stepping randomly (stuck).
  1207 | D:2      | 1207 ||| Stepping randomly (stuck).
  1208 | D:2      | 1208 ||| Stepping randomly (stuck).
  1209 | D:2      | 1209 ||| Stepping randomly (stuck).
  1210 | D:2      | 1210 ||| Stepping randomly (stuck).
  1211 | D:2      | 1211 ||| Stepping randomly (stuck).
  1212 | D:2      | 1212 ||| Stepping randomly (stuck).
  1213 | D:2      | 1213 ||| Stepping randomly (stuck).
  1228 | D:2      | Found a faded altar of an unknown god.
  1236 | D:2      | 1236 ||| STAIRDANCE
  1293 | D:1      | 1293 ||| Stepping ~*~*~tactically~*~*~ (stealth).
  1786 | D:2      | Reached XP level 4. HP: 26/28 MP: 4/4
  1876 | D:2      | 1876 ||| Stepping ~*~*~tactically~*~*~ (stealth).
  1877 | D:2      | 1877 ||| Stepping ~*~*~tactically~*~*~ (stealth).
  1882 | D:2      | 1882 ||| Stepping ~*~*~tactically~*~*~ (stealth).
  1886 | D:2      | 1886 ||| Stepping ~*~*~tactically~*~*~ (hiding).
  2316 | D:3      | Reached skill level 4 in Axes
  2327 | D:3      | Noticed an ogre
  2334 | D:3      | Mangled by an ogre

Levels and vault maps discovered:
D:1:      arrival_aquarium_a, layout_loops_corners, st_stairs_6
D:2:      layout_loops_corners, chequers_ecumenical_altar_simple_redux
D:3:      layout_basic, grunt_temple_overflow_champion_of_chaos,
          nicolae_kikubaaqudgha_miasma_corner, chequers_serial_rivers_small_b,
          minmay_misc_feat_tiny

Skill      XL: |  1  2  3  4 |
---------------+-------------+-----
Axes           | 2 3 4 |  4.0
Fighting       | |  3.2
Armour         | |  3.2
Shields        | |  3.2

Action                     |  1- 3 |  4- 6 || total
---------------------------+-------+-------++-------
  Melee: War axe           |   106 |    17 ||   123
    Use: Scroll            |     5 |       ||     5
 Armour: Scale mail        |    58 |     4 ||    62
  Dodge: Dodged            |    46 |     6 ||    52
  Block: Buckler           |    12 |     1 ||    13

Table legend:
 A = Non-vault XP
 B = Vault XP
 C = Vault XP percentage of total XP
 D = Non-vault monster count
 E = Vault monster count
 F = Vault count percentage of total count
                 A         B        C        D         E       F
            +---------+---------+-------+---------+---------+-------
      Total |      97 |       2 |   2.0 |      46 |       1 |   2.1
            +---------+---------+-------+---------+---------+-------
        D:1 |      45 |       2 |   4.3 |      24 |       1 |   4.0
        D:2 |      47 |       0 |   0.0 |      18 |       0 |   0.0
        D:3 |       5 |       0 |   0.0 |       4 |       0 |   0.0
            +---------+---------+-------+---------+---------+-------
